IL
NORFOLK TIDES @ SALT LAKE BEES
09/16/2045
 
TOP OF THE 1ST
Norfolk Tides batting - Pitching for Salt Lake Bees : LHP Curt Joseph
Pitching: LHP Curt Joseph
Batting: RHB Michel Kamphuis 0-0: Ball
1-0: SINGLE (Groundball, 6, EV 95.6 MPH)
Batting: RHB Longfellow Wetzler 0-0: Ball
1-0: Called Strike
1-1: Ball
2-1: SINGLE (Groundball, 56D, EV 96.9 MPH)
Michel Kamphuis to second
Batting: RHB Vince Jackson 0-0: Swinging Strike
0-1: Ball
1-1: Swinging Strike
1-2: Strikes out looking
Batting: SHB Brian Bentz 0-0: Ball
1-0: Ball
2-0: Ball
3-0: Called Strike
3-1: Base on Balls
Michel Kamphuis to third
Longfellow Wetzler to second
Batting: RHB Chase Cassidy 0-0: Ball
1-0: Called Strike
1-1: Ball
2-1: Grounds into double play, 5-4-3 (Groundball, 56, EV 103.8 MPH)
Top of the 1st over - 0 runs, 2 hits, 0 errors, 2 left on base; Norfolk 0 - Salt Lake 0
BOTTOM OF THE 1ST
Salt Lake Bees batting - Pitching for Norfolk Tides : RHP Ryan Kotter
Pitching: RHP Ryan Kotter
Batting: RHB Bjoern Waltersson 0-0: DOUBLE (Line Drive, 9LD, EV 105.0 MPH)
Batting: RHB Jeff Long 0-0: Ground out 6-3 (Groundball, 6, EV 96.2 MPH)
Batting: RHB Andres Mendiola 0-0: Swinging Strike
0-1: Called Strike
0-2: Strikes out swinging
Batting: RHB Guillermo Mojica 0-0: Ground out 6-3 (Groundball, 6, EV 81.9 MPH)
Bottom of the 1st over - 0 runs, 1 hit, 0 errors, 1 left on base; Norfolk 0 - Salt Lake 0
TOP OF THE 2ND
Norfolk Tides batting - Pitching for Salt Lake Bees : LHP Curt Joseph
Batting: RHB Mario Saez 0-0: Ball
1-0: Ball
2-0: Ball
3-0: Base on Balls
Batting: RHB Tony Logan 0-0: Fielders Choice at 2nd, 5-4 (Groundball, 56, EV 107.5 MPH)
Batting: RHB Ashton Holloway 0-0: Ball
1-0: Ball
2-0: Ball
3-0: Base on Balls
Tony Logan to second
Batting: RHB Sal Espinosa 0-0: Ball
1-0: Ball
2-0: Fielders Choice at 2nd, 4-6 (Groundball, 4, EV 86.9 MPH)
Tony Logan to third
Batting: RHB Michel Kamphuis 0-0: Ball
1-0: Ball
2-0: Ball
3-0: Base on Balls
Sal Espinosa to second
Batting: RHB Longfellow Wetzler 0-0: Called Strike
0-1: Foul Ball, location: 2F
0-2: Ball
1-2: Hit by Pitch
Tony Logan scores
Sal Espinosa to third
Michel Kamphuis to second
Batting: RHB Vince Jackson 0-0: Ball
1-0: Ball
2-0: Called Strike
2-1: Ball
3-1: Base on Balls
Sal Espinosa scores
Michel Kamphuis to third
Longfellow Wetzler to second
Batting: SHB Brian Bentz 0-0: Called Strike
0-1: Foul Ball, location: 2F
0-2: Foul Ball, location: 2F
0-2: Fielders Choice at 2nd, 5-4 (Groundball, 56, EV 81.9 MPH)
Top of the 2nd over - 2 runs, 0 hits, 0 errors, 3 left on base; Norfolk 2 - Salt Lake 0
BOTTOM OF THE 2ND
Salt Lake Bees batting - Pitching for Norfolk Tides : RHP Ryan Kotter
Batting: LHB Matt Calitri 0-0: Fly out, F5 (Popup, 56S, EV 76.2 MPH)
Batting: SHB Brendan Bundy 0-0: Ball
1-0: Ball
2-0: Bunt missed!
2-1: Ground out 4-3 (Groundball, 4, EV 108.8 MPH)
Batting: RHB Juan Rosa 0-0: Ball
1-0: Ball
2-0: Called Strike
2-1: Foul Ball, location: 2F
2-2: Foul Ball, location: 2F
2-2: Strikes out swinging
Bottom of the 2nd over - 0 runs, 0 hits, 0 errors, 0 left on base; Norfolk 2 - Salt Lake 0
TOP OF THE 3RD
Norfolk Tides batting - Pitching for Salt Lake Bees : LHP Curt Joseph
Batting: RHB Chase Cassidy 0-0: Ball
1-0: Called Strike
1-1: Ball
2-1: Ball
3-1: Called Strike
3-2: Base on Balls
Batting: RHB Mario Saez 0-0: Ball
1-0: Ball
2-0: Ball
3-0: Base on Balls
Chase Cassidy to second
Batting: RHB Tony Logan 0-0: Foul Ball, location: 2F
0-1: Swinging Strike
0-2: Fielders Choice at 2nd, 6-4 (Groundball, 56, EV 108.1 MPH)
Chase Cassidy to third
Batting: RHB Ashton Holloway 0-0: Called Strike
0-1: Fly out, F5 (Popup, 5SF, EV 85.6 MPH)
Batting: RHB Sal Espinosa 0-0: Foul Ball, location: 2F
0-1: Fly out, F8 (Line Drive, 8LD, EV 89.4 MPH)
Top of the 3rd over - 0 runs, 0 hits, 0 errors, 2 left on base; Norfolk 2 - Salt Lake 0
BOTTOM OF THE 3RD
Salt Lake Bees batting - Pitching for Norfolk Tides : RHP Ryan Kotter
Batting: LHB Tyler Meier 0-0: Ball
1-0: Foul Ball, location: 2F
1-1: Foul Ball, location: 2F
1-2: Ball
2-2: SINGLE (Line Drive, 6MD, EV 106.2 MPH)
Batting: RHB Justin Noll 0-0: Called Strike
0-1: Ball
1-1: Ground out 3-1 (Groundball, 13, EV 92.5 MPH)
Tyler Meier to second
Batting: RHB Bjoern Waltersson 0-0: Called Strike
0-1: Called Strike
0-2: SINGLE (Line Drive, 8LS, EV 92.5 MPH)
Tyler Meier to third
Runner from 3rd tries for Home, SAFE, throw by CF to home
Bjoern Waltersson to second
Batting: RHB Jeff Long 0-0: Ball
1-0: Foul Ball, location: 2F
1-1: Ground out 5-3 (Groundball, 56, EV 101.9 MPH)
Batting: RHB Andres Mendiola 0-0: Ball
1-0: Ground out 5-3 (Groundball, 56S, EV 86.9 MPH)
Bottom of the 3rd over - 1 run, 2 hits, 0 errors, 1 left on base; Norfolk 2 - Salt Lake 1
TOP OF THE 4TH
Norfolk Tides batting - Pitching for Salt Lake Bees : LHP Curt Joseph
Batting: RHB Michel Kamphuis 0-0: Ball
1-0: Foul Ball, location: 2F
1-1: Ball
2-1: Ball
3-1: Ground out 6-3 (Groundball, 6S, EV 68.1 MPH)
Batting: RHB Longfellow Wetzler 0-0: Called Strike
0-1: Called Strike
0-2: SINGLE (Flyball, 3D, EV 93.1 MPH)
Batting: RHB Vince Jackson 0-0: Ball
1-0: Ball
2-0: Foul Ball, location: 2F
2-1: Swinging Strike
2-2: Grounds into double play, 1-4-3 (Groundball, 15S, EV 65.6 MPH)
Top of the 4th over - 0 runs, 1 hit, 0 errors, 0 left on base; Norfolk 2 - Salt Lake 1
BOTTOM OF THE 4TH
Salt Lake Bees batting - Pitching for Norfolk Tides : RHP Ryan Kotter
Batting: RHB Guillermo Mojica 0-0: Ball
1-0: Fly out, F9 (Flyball, 9D, EV 92.5 MPH)
Batting: LHB Matt Calitri 0-0: Ball
1-0: Ball
2-0: Called Strike
2-1: Foul Ball, location: 2F
2-2: Ball
3-2: Foul Ball, location: 2F
3-2: Base on Balls
Batting: SHB Brendan Bundy 0-0: Ball
1-0: Ball
2-0: Foul Ball, location: 2F
2-1: Foul Ball, location: 2F
2-2: Grounds into double play, 6-4-3 (Groundball, 6, EV 86.9 MPH)
Bottom of the 4th over - 0 runs, 0 hits, 0 errors, 0 left on base; Norfolk 2 - Salt Lake 1
TOP OF THE 5TH
Norfolk Tides batting - Pitching for Salt Lake Bees : LHP Curt Joseph
Batting: SHB Brian Bentz 0-0: Ball
1-0: Ball
2-0: Ball
3-0: Called Strike
3-1: Foul Ball, location: 2F
3-2: Fly out, F5 (Line Drive, 5, EV 74.4 MPH)
Batting: RHB Chase Cassidy 0-0: Called Strike
0-1: Ball
1-1: Ball
2-1: Foul Ball, location: 2F
2-2: Ball
3-2: Foul Ball, location: 2F
3-2: SINGLE (Line Drive, 8RS, EV 110.6 MPH)
Batting: RHB Mario Saez 0-0: Called Strike
Chase Cassidy steals 2nd base
0-1: Ball
1-1: Called Strike
Chase Cassidy steals 3rd base
1-2: Fly out, F7 (Line Drive, 7, EV 97.5 MPH)
Runner from 3rd tags up, SCORES, throw by LF
Batting: RHB Tony Logan 0-0: Ball
1-0: Fly out, F4 (Popup, 6M, EV 75.0 MPH)
Top of the 5th over - 1 run, 1 hit, 0 errors, 0 left on base; Norfolk 3 - Salt Lake 1
BOTTOM OF THE 5TH
Salt Lake Bees batting - Pitching for Norfolk Tides : RHP Ryan Kotter
Batting: RHB Juan Rosa 0-0: Foul Ball, location: 2F
0-1: Ground out 4-3 (Groundball, 4, EV 91.2 MPH)
Batting: LHB Tyler Meier 0-0: Called Strike
0-1: Ball
1-1: Ball
2-1: Foul Ball, location: 2F
2-2: Foul Ball, location: 2F
2-2: Ground out 4-3 (Groundball, 4M, EV 83.8 MPH)
Batting: RHB Justin Noll 0-0: Called Strike
0-1: Foul Ball, location: 2F
0-2: Ball
1-2: Foul Ball, location: 2F
1-2: Ball
2-2: Ball
3-2: Strikes out looking
Bottom of the 5th over - 0 runs, 0 hits, 0 errors, 0 left on base; Norfolk 3 - Salt Lake 1
TOP OF THE 6TH
Norfolk Tides batting - Pitching for Salt Lake Bees : LHP Curt Joseph
Pitching: RHP Jose Alvarado
Batting: RHB Ashton Holloway 0-0: Ball
1-0: Ground out 5-3 (Groundball, 56, EV 80.0 MPH)
Batting: RHB Sal Espinosa 0-0: Ground out 1-3 (Groundball, 15, EV 68.1 MPH)
Batting: RHB Michel Kamphuis 0-0: Called Strike
0-1: Ball
1-1: Ball
2-1: Foul Ball, location: 2F
2-2: Fly out, F8 (Flyball, 8LD, EV 89.4 MPH)
Top of the 6th over - 0 runs, 0 hits, 0 errors, 0 left on base; Norfolk 3 - Salt Lake 1
BOTTOM OF THE 6TH
Salt Lake Bees batting - Pitching for Norfolk Tides : RHP Ryan Kotter
Batting: RHB Bjoern Waltersson 0-0: Swinging Strike
0-1: Ball
1-1: Foul Ball, location: 2F
1-2: DOUBLE (Flyball, 8RXD, EV 106.2 MPH)
Batting: RHB Jeff Long 0-0: Ball
1-0: Called Strike
1-1: Foul Ball, location: 2F
1-2: Ball
2-2: SINGLE (Groundball, 4MS, EV 73.1 MPH) (infield hit)
Bjoern Waltersson to third
Batting: RHB Andres Mendiola 0-0: Ball
1-0: DOUBLE (Line Drive, 78D, EV 103.1 MPH)
Bjoern Waltersson scores
Jeff Long to third
Batting: RHB Guillermo Mojica 0-0: Ball
1-0: Ball
2-0: Fly out, F4 (Popup, 4M, EV 67.5 MPH)
Batting: LHB Matt Calitri 0-0: Ball
1-0: Called Strike
1-1: Called Strike
1-2: SINGLE (Groundball, 4MD, EV 106.2 MPH)
Jeff Long scores
Andres Mendiola to third
Runner from 3rd tries for Home, SAFE, throw by CF to home
Batting: SHB Brendan Bundy 0-0: Called Strike
0-1: Called Strike
0-2: Foul Ball, location: 2F
0-2: Fielders Choice at 2nd, 4-6 (Groundball, 4, EV 75.6 MPH)
Batting: RHB Juan Rosa 0-0: Ball
1-0: Ball
2-0: DOUBLE (Line Drive, 9D, EV 98.8 MPH)
Brendan Bundy to third
Runner from 3rd tries for Home, SAFE, no throw by RF
Batting: LHB Tyler Meier 0-0: Intentional Walk
Batting: RHB Justin Noll 0-0: SINGLE (Groundball, 4MD, EV 86.9 MPH) (infield hit)
Juan Rosa to third
Tyler Meier to second
Pitching: RHP Tony Huete
Batting: RHB Bjoern Waltersson 0-0: Ball
1-0: Fielders Choice at 2nd, 5-4 (Groundball, 56, EV 86.9 MPH)
Bottom of the 6th over - 4 runs, 6 hits, 0 errors, 3 left on base; Norfolk 3 - Salt Lake 5
TOP OF THE 7TH
Norfolk Tides batting - Pitching for Salt Lake Bees : RHP Jose Alvarado
Batting: RHB Longfellow Wetzler 0-0: Swinging Strike
0-1: Foul Ball, location: 2F
0-2: Strikes out swinging
Batting: RHB Vince Jackson 0-0: Called Strike
0-1: Swinging Strike
0-2: Ball
1-2: Fly out, F9 (Line Drive, 9, EV 96.9 MPH)
Batting: SHB Brian Bentz 0-0: Ball
1-0: Called Strike
1-1: Ball
2-1: Called Strike
2-2: Foul Ball, location: 2F
2-2: Strikes out swinging
Top of the 7th over - 0 runs, 0 hits, 0 errors, 0 left on base; Norfolk 3 - Salt Lake 5
BOTTOM OF THE 7TH
Salt Lake Bees batting - Pitching for Norfolk Tides : RHP Tony Huete
Batting: RHB Jeff Long 0-0: SINGLE (Line Drive, 5D, EV 96.9 MPH)
Batting: RHB Andres Mendiola 0-0: Ball
1-0: Ball
2-0: Grounds into double play, 6-4-3 (Groundball, 6M, EV 105.6 MPH)
Batting: RHB Guillermo Mojica 0-0: Ball
1-0: Foul Ball, location: 2F
1-1: SINGLE (Groundball, 34S, EV 68.1 MPH) (infield hit)
Batting: LHB Matt Calitri 0-0: Called Strike
0-1: Foul Ball, location: 2F
0-2: Ball
Guillermo Mojica steals 2nd base
1-2: Ball
2-2: Strikes out looking
Bottom of the 7th over - 0 runs, 2 hits, 0 errors, 1 left on base; Norfolk 3 - Salt Lake 5
TOP OF THE 8TH
Norfolk Tides batting - Pitching for Salt Lake Bees : RHP Jose Alvarado
Pitching: RHP Jake Bruen
Batting: RHB Chase Cassidy 0-0: Ball
1-0: Ball
2-0: Foul Ball, location: 2F
2-1: Ball
3-1: Reached on error, E5 (Groundball, 56, EV 105.0 MPH)
Batting: RHB Mario Saez 0-0: Ball
1-0: Called Strike
1-1: Ball
2-1: Ball
3-1: Base on Balls
Chase Cassidy to second
Batting: RHB Tony Logan 0-0: Ball
1-0: Ball
2-0: Swinging Strike
2-1: Foul Ball, location: 2F
2-2: SINGLE (Line Drive, 8LS, EV 108.1 MPH)
Chase Cassidy to third
Mario Saez to second
Pitching: LHP Cody Bodenhamer
Batting: RHB Ashton Holloway 0-0: Ball
1-0: Ball
2-0: GRAND SLAM HOME RUN (Flyball, 89XD, EV 102.5 MPH), Distance : 398 ft
Batting: RHB Sal Espinosa 0-0: Ball
1-0: Ball
2-0: Called Strike
2-1: Ball
3-1: Fly out, F4 (Popup, 23, EV 93.1 MPH)
Batting: RHB Michel Kamphuis 0-0: Ball
1-0: Foul Ball, location: 2F
1-1: Ball
2-1: Ball
3-1: Base on Balls
Batting: RHB Longfellow Wetzler 0-0: Ball
1-0: Ball
2-0: Ball
3-0: Called Strike
3-1: Called Strike
3-2: Grounds into double play, 4-6-3 (Groundball, 4, EV 86.2 MPH)
Top of the 8th over - 4 runs, 2 hits, 1 error, 0 left on base; Norfolk 7 - Salt Lake 5
BOTTOM OF THE 8TH
Salt Lake Bees batting - Pitching for Norfolk Tides : RHP Tony Huete
Batting: SHB Brendan Bundy 0-0: Called Strike
0-1: Ball
1-1: Ball
2-1: Foul Ball, location: 2F
2-2: Ball
3-2: Foul Ball, location: 2F
3-2: Base on Balls
Batting: LHB Vinny Carreno 0-0: Ball
1-0: Ball
2-0: Foul Ball, location: 2F
2-1: Ball
3-1: Base on Balls
Brendan Bundy to second
Pitching: LHP Juan Becerra
Pinch Hitting: RHB Melvin Gomez 0-0: Bunt missed!
0-1: Sac Bunt to 5S - play at first, batter OUT! 5-4
Brendan Bundy to third
Vinny Carreno to second
Batting: RHB Justin Noll 0-0: Ball
1-0: Ball
2-0: Foul Ball, location: 2F
2-1: Ball
3-1: Called Strike
3-2: Foul Ball, location: 2F
3-2: Strikes out swinging
Batting: RHB Bjoern Waltersson 0-0: Called Strike
0-1: Called Strike
0-2: Ball
1-2: Ball
2-2: Ball
3-2: Foul Ball, location: 2F
3-2: DOUBLE (Line Drive, 7LD, EV 103.8 MPH)
Brendan Bundy scores
Vinny Carreno scores
Batting: RHB Jeff Long 0-0: Called Strike
0-1: Called Strike
0-2: Ball
1-2: Ball
2-2: Strikes out looking
Bottom of the 8th over - 2 runs, 1 hit, 0 errors, 1 left on base; Norfolk 7 - Salt Lake 7
TOP OF THE 9TH
Norfolk Tides batting - Pitching for Salt Lake Bees : LHP Cody Bodenhamer
Pitching: RHP Bartholomeu Voivodic
Now at 1B: Melvin Gomez
Batting: RHB Vince Jackson 0-0: Ball
1-0: Ball
2-0: Foul Ball, location: 2F
2-1: Ball
3-1: Base on Balls
Batting: SHB Brian Bentz 0-0: Ball
Vince Jackson steals 2nd base
1-0: Intentional Walk
Batting: RHB Chase Cassidy 0-0: Ball
1-0: Swinging Strike
1-1: Ball
2-1: Foul Ball, location: 2F
2-2: Ball
3-2: Foul Ball, location: 2F
3-2: Base on Balls
Vince Jackson to third
Brian Bentz to second
Batting: RHB Mario Saez 0-0: Called Strike
0-1: Foul Ball, location: 2F
0-2: Ball
1-2: Foul Ball, location: 2F
1-2: Ball
2-2: DOUBLE (Line Drive, 7LS, EV 100.0 MPH)
Vince Jackson scores
Brian Bentz scores
Chase Cassidy to third
Batting: RHB Tony Logan 0-0: Ball
1-0: Foul Ball, location: 2F
1-1: Ball
2-1: Foul Ball, location: 2F
2-2: Strikes out looking
Batting: RHB Ashton Holloway 0-0: Called Strike
0-1: Fly out, F6 (Flyball, 6MD, EV 90.0 MPH)
Pitching: RHP Dave Thomas
Batting: RHB Sal Espinosa 0-0: Called Strike
0-1: Hit by Pitch
Batting: RHB Michel Kamphuis 0-0: SINGLE (Groundball, 4D, EV 104.4 MPH)
Chase Cassidy scores
Mario Saez to third
Sal Espinosa to second
Batting: RHB Longfellow Wetzler 0-0: Foul Ball, location: 2F
0-1: Fly out, F4 (Popup, 4, EV 76.2 MPH)
Top of the 9th over - 3 runs, 2 hits, 0 errors, 3 left on base; Norfolk 10 - Salt Lake 7
BOTTOM OF THE 9TH
Salt Lake Bees batting - Pitching for Norfolk Tides : LHP Juan Becerra
Pitching: RHP Aaron Schneider
Batting: RHB Andres Mendiola 0-0: Ground out U3 (Groundball, 3, EV 87.5 MPH)
Batting: RHB Guillermo Mojica 0-0: Called Strike
0-1: Swinging Strike
0-2: Ground out 6-3 (Groundball, 6S, EV 85.6 MPH)
Batting: LHB Matt Calitri 0-0: Ball
1-0: Ground out 4-3 (Groundball, 4, EV 96.9 MPH)
Bottom of the 9th over - 0 runs, 0 hits, 0 errors, 0 left on base; Norfolk 10 - Salt Lake 7
Wednesday, June 22nd , 2022 - OOTP Baseball 23.4 Build 64